 Dungeon Crawl Stone Soup version 0.28-a0-653-g7e9dba17c3 (webtiles) character file.

Game seed: 9002699857016271951

271780 Johnny the Cryomancer (level 19, -2/180 (183) HPs)
             Began as a White Draconian Ice Elementalist on Oct 11, 2021.
             Was a High Priest of Sif Muna.
             Slain by a 27-headed hydra skeleton (3 damage)
             ... on level 4 of the Swamp on Oct 12, 2021.
             The game lasted 01:06:21 (49037 turns).

Johnny the Cryomancer (DrIE)                       Turns: 49037, Time: 01:06:22

HP:   -2/180 (183)  AC: 13    Str: 15    XL:     19   Next: 84%
MP:   24/48         EV: 12    Int: 30    God:    Sif Muna [*****.]
Gold: 2814          SH: 19    Dex: 12    Spells: 17/51 levels left

rFire   + . .      SeeInvis +   y - staff of cold
rCold   + + +      Faith    .   j - +5 kite shield {rF+}
rNeg    . . .      Spirit   .   (armour unavailable)
rPois   .          Reflect  .   (helmet restricted)
rElec   .          Harm     +   R - scarf {harm}
rCorr   .          Rampage  .   F - +2 pair of gloves of Cusoliel {rC+}
Will    +....      Rage     3%  (no boots)
Stlth   ++........              v - amulet "Fumun" {Regen+ Str+3 Int+2}
HPRegen 1.40/turn               i - +6 ring of intelligence
MPRegen 0.31/turn               Z - ring "Uhe Gean" {MP+9 SInv}

@: on vortex cooldown, lightly drained
A: breathe frost, AC +10, unfitting armour, cold resistance 1, cold-blooded,
berserk 2
}: 1/15 runes: serpentine
a: Breathe Frost, Renounce Religion, Channel Magic, Forget Spell, Divine
Exegesis


You were on level 4 of the Swamp.
You worshipped Sif Muna.
Sif Muna was extremely pleased with you.
You visited 7 branches of the dungeon, and saw 35 of its levels.
You also visited: Volcano.

You collected 5025 gold pieces.
You spent 2211 gold pieces at shops.

Inventory:

Hand Weapons
 Y - the +8 long sword of the Doomed Warrior {freeze, rElec MP+9}
   (You found it on level 12 of the Dungeon)

   It freezes those it strikes, dealing additional cold damage.
   It can also slow down cold-blooded creatures.
   rElec:     It insulates you from electricity.
   MP:        It affects your magic capacity (+9).
Armour
 g - a scarf of repulsion
 j - a +5 kite shield of fire resistance (worn)
 F - the +2 pair of gloves of Cusoliel (worn) {rC+}
   (You found it on level 1 of the Elven Halls)

   rC:        It protects you from cold.
 R - a scarf of harm (worn)
Magical Staves
 y - a staff of cold (weapon)
 O - a staff of air
Jewellery
 i - a +6 ring of intelligence (left hand)
 v - the amulet "Fumun" (around neck) {Regen+ Str+3 Int+2}
   (You found it on level 3 of the Elven Halls)

   [amulet of regeneration]

   Str:       It affects your strength (+3).
   Int:       It affects your intelligence (+2).
   Regen:     It increases your rate of health regeneration.
 B - a ring of fire
 C - a ring of willpower
 H - a +4 ring of protection
 S - a ring of magical power
 U - a ring of poison resistance
 Z - the ring "Uhe Gean" (right hand) {MP+9 SInv}
   (You found it on level 13 of the Dungeon)

   [ring of magical power]

   MP:        It affects your magic capacity (+9).
   SInv:      It lets you see invisible.
Wands
 G - a wand of digging (6)
 I - a wand of charming (22)
Scrolls
 a - 4 scrolls of vulnerability
 b - 5 scrolls of amnesia
 c - 5 scrolls of magic mapping
 d - 3 scrolls of blinking
 k - 15 scrolls of teleportation
 l - 5 scrolls of enchant armour
 q - 5 scrolls of fog
 t - 7 scrolls of identify
 w - a scroll of immolation
 E - 6 scrolls of noise
 J - 2 scrolls of fear
 L - 2 scrolls of silence
 M - 2 scrolls of torment
Potions
 f - a potion of berserk rage
 h - 2 potions of might
 m - 10 potions of heal wounds
 n - 5 potions of mutation
 o - 17 potions of curing
 p - 4 potions of attraction
 r - 5 potions of degeneration
 s - 10 potions of haste
 u - 7 potions of brilliance
 x - 4 potions of magic
 D - 5 potions of flight
 K - 4 potions of ambrosia
 N - 4 potions of resistance
 P - 3 potions of cancellation
 T - 5 potions of lignification
 W - 3 potions of invisibility
Miscellaneous
 A - a tin of tremorstones (2/2)
 Q - a phial of floods
 V - a lightning rod (1/4)
 X - a phantom mirror


   Skills:
 + Level 19.4 Fighting
 - Level 1.7 Dodging
 - Level 1.7 Stealth
 + Level 17.5 Shields
 + Level 16.7 Spellcasting
 + Level 21.5 Ice Magic
 - Level 9.0 Invocations


You had 17 spell levels left.
You knew the following spells:

 Your Spells              Type           Power      Damage    Failure   Level
a - Freeze                Ice            100%       1d11      0%          1
b - Frozen Ramparts       Ice            100%       1d12      0%          3
c - Ozocubu's Armour      Ice            100%       N/A       0%          3
d - Blink                 Tloc           N/A        N/A       2%          2
e - Ozocubu's Refrigerat  Ice            62%        4d17      1%          7
f - Hailstorm             Conj/Ice       94%        3d19      1%          4
g - Metabolic Englaciati  Hex/Ice        47%        N/A       1%          5
h - Polar Vortex          Ice            62%        N/A       26%         9

Your spell library contained the following spells:

 Spells                   Type           Power      Damage    Failure   Level
 Animate Skeleton         Necr           50%        N/A       1%          1
 Apportation              Tloc           50%        N/A       1%          1
 Foxfire                  Conj/Fire      100%       2x1d9     1%          1
 Magic Dart               Conj           100%       1d8       1%          1
 Pain                     Necr           100%       1d9       1%          1
 Shock                    Conj/Air       100%       1d9       1%          1
 Summon Small Mammal      Summ           100%       N/A       1%          1
 Ensorcelled Hibernation  Hex/Ice        100%       N/A       1%          2
 Ice Form                 Ice/Tmut       94%        N/A       1%          4
 Summon Ice Beast         Ice/Summ       94%        N/A       1%          4
 Call Imp                 Summ           25%        N/A       2%          2
 Corpse Rot               Necr/Air       N/A        N/A       2%          2
 Poisonous Vapours        Pois/Air       50%        N/A       2%          2
 Searing Ray              Conj           50%        2d6       2%          2
 Slow                     Hex            25%        N/A       2%          2
 Static Discharge         Conj/Air       25%        N/A       2%          2
 Sublimation of Blood     Necr           12%        N/A       2%          2
 Freezing Cloud           Conj/Ice/Air   40%        6-21      2%          5
 Simulacrum               Ice/Necr       47%        N/A       3%          6
 Call Canine Familiar     Summ           25%        N/A       5%          3
 Confusing Touch          Hex            25%        N/A       5%          3
 Conjure Flame            Conj/Fire      25%        6-21      5%          3
 Gell's Gravitas          Tloc           12%        N/A       5%          3
 Inner Flame              Hex/Fire       25%        N/A       5%          3
 Lesser Beckoning         Tloc           25%        N/A       5%          3
 Mephitic Cloud           Conj/Pois/Air  25%        N/A       5%          3
 Spider Form              Tmut/Pois      12%        N/A       5%          3
 Summon Guardian Golem    Hex/Summ       25%        N/A       5%          3
 Teleport Other           Tloc           25%        N/A       5%          3
 Tukima's Dance           Hex            25%        N/A       5%          3
 Vampiric Draining        Necr           12%        2d7       5%          3
 Airstrike                Air            12%        N/A       17%         4
 Animate Dead             Necr           12%        N/A       17%         4
 Cause Fear               Hex            12%        N/A       17%         4
 Dispel Undead            Necr           25%        3d12      17%         4
 Flame Wave               Conj/Fire      25%        3d6       17%         4
 Fulminant Prism          Conj/Hex       12%        3d9       17%         4
 Iskenderun's Mystic Bla  Conj/Tloc      25%        2d7       17%         4
 Petrify                  Tmut/Erth      25%        N/A       17%         4
 Summon Lightning Spire   Summ/Air       25%        N/A       17%         4
 Agony                    Necr           25%        N/A       43%         5
 Blade Hands              Tmut           12%        N/A       43%         5
 Borgnjor's Vile Clutch   Necr/Erth      12%        N/A       43%         5
 Irradiate                Conj/Tmut      12%        3d17      43%         5
 Lee's Rapid Deconstruct  Erth           12%        3d10*     43%         5
 Lightning Bolt           Conj/Air       12%        1d26      43%         5
 Manifold Assault         Tloc           25%        N/A       43%         5
 Silence                  Hex/Air        12%        N/A       43%         5
 Summon Forest            Summ/Tloc      12%        N/A       43%         5
 Summon Mana Viper        Hex/Summ       25%        N/A       43%         5
 Yara's Violent Unravell  Hex/Tmut       12%        3d7       43%         5
 Conjure Ball Lightning   Conj/Air       12%        3x3d6     95%         6
 Dispersal                Tloc           12%        N/A       95%         6
 Eringya's Noxious Bog    Tmut/Pois      12%        N/A       95%         6
 Invisibility             Hex            12%        N/A       95%         6
 Iron Shot                Conj/Erth      12%        9d3       95%         6
 Statue Form              Tmut/Erth      16%        N/A       95%         6
 Dragon Form              Tmut           12%        N/A       100%        7
 Haunt                    Necr/Summ      12%        N/A       100%        7
 Malign Gateway           Summ/Tloc      12%        N/A       100%        7
 Orb of Destruction       Conj           12%        9d6       100%        7
 Spellforged Servitor     Conj/Summ      12%        N/A       100%        7
 Summon Hydra             Summ           12%        N/A       100%        7
 Borgnjor's Revivificati  Necr           12%        N/A       100%        8
 Infestation              Necr           12%        N/A       100%        8
 Lehudib's Crystal Spear  Conj/Erth      12%        10d4      100%        8
 Dragon's Call            Summ           12%        N/A       100%        9
 Fire Storm               Conj/Fire      12%        8d3       100%        9
 Animate Armour           Summ/Erth      Unusable   N/A       N/A         4

Dungeon Overview and Level Annotations

Branches:
Dungeon (15/15)            Temple (1/1) D:6            Lair (6/6) D:10
  Swamp (4/4) Lair:2        Snake (4/4) Lair:4        Slime (0/5) Lair:6
    Orc (2/2) D:10            Elf (3/3) Orc:2        Vaults (0/5) D:14
 Depths (0/4) D:15        Volcano (visited)

Altars:
Ashenzari
Cheibriados
Dithmenos
Elyvilon
Fedhas
Gozag
Hepliaklqana
Kikubaaqudgha
Makhleb
Nemelex Xobeh
Okawaru
Qazlal
Ru
Sif Muna
Trog
Uskayaw
Vehumet
Wu Jian
Xom
Yredelemnul
Zin
The Shining One
Beogh

Shops:
D:9 *   D:10 (   Orc:2 :!(!   Snake:4 !

Portals:
Pandemonium: Orc:2

Annotations:
D:10 3 runed translucent doors, Heedrag's ghost, journeyman DsIE
D:14 3 runed translucent doors, martbhell's ghost, journeyman MiBe
Lair:5 3 runed translucent doors, Ycoiwk's ghost, journeyman OpVM
Swamp:1 Roxanne
Elf:2 3 runed translucent doors


Innate Abilities, Weirdness & Mutations

You can breathe waves of freezing cold which knock back foes.
Your icy white scales are hard. (AC +10)
You cannot fit into any form of body armour.
Your flesh is cold resistant. (rC+)
You are cold-blooded and may be slowed by cold attacks.
You often lose your temper in combat.


Message History

You block the 27-headed hydra skeleton's attack.
The 27-headed hydra skeleton bites you but does no damage.
The 27-headed hydra skeleton bites you!
* * * LOW HITPOINT WARNING * * *
The 27-headed hydra skeleton barely misses you.
The 27-headed hydra skeleton completely misses you.
The 27-headed hydra skeleton bites you.
* * * LOW HITPOINT WARNING * * *
The 27-headed hydra skeleton bites you but does no damage.
The 27-headed hydra skeleton misses you.
The 27-headed hydra skeleton completely misses you.
The 27-headed hydra skeleton bites you but does no damage.
The 27-headed hydra skeleton bites you.
* * * LOW HITPOINT WARNING * * *
The 27-headed hydra skeleton closely misses you.
The 27-headed hydra skeleton bites you but does no damage.
The 27-headed hydra skeleton bites you!
* * * LOW HITPOINT WARNING * * *
The 27-headed hydra skeleton bites you but does no damage.
The 27-headed hydra skeleton bites you.
* * * LOW HITPOINT WARNING * * *
The 27-headed hydra skeleton bites you but does no damage.
The 27-headed hydra skeleton bites you.
* * * LOW HITPOINT WARNING * * *
You block the 27-headed hydra skeleton's attack.
The 27-headed hydra skeleton bites you!
* * * LOW HITPOINT WARNING * * *
The 27-headed hydra skeleton bites you.
* * * LOW HITPOINT WARNING * * *
You block the 27-headed hydra skeleton's attack.
The 27-headed hydra skeleton bites you but does no damage.
The 27-headed hydra skeleton bites you.
* * * LOW HITPOINT WARNING * * *
The 27-headed hydra skeleton bites you but does no damage. x2
You block the 27-headed hydra skeleton's attack.
The 27-headed hydra skeleton bites you but does no damage. x3
The 27-headed hydra skeleton barely misses you.
The 27-headed hydra skeleton bites you but does no damage. x4
The 27-headed hydra skeleton bites you.
You die...

.≈≈≈≈.≈......≈≈≈♣♣§...≈
≈.≈≈.≈.....≈§≈≈≈.≈.≈≈≈≈
.[≈♣.....§.§≈≈≈≈≈.≈≈≈≈≈
..♣♣.≈...≈.§§§§§§§§§§≈≈
.♣♣♣.......§§§§§§§§§≈≈≈
♣≈≈..≈.≈≈.♣§§§§§§§§.§≈.
≈≈.≈≈≈.≈.♣.§§§§§§§....≈
.♣.......♣♣♣##§§§###♣.
≈.♣......≈ ##§@#
≈.≈≈♣♣≈... #§§§Z#
.♣♣♣♣♣♣≈≈ #§§♣§§♣ ♣♣
#§§§§§§§ ♣ ♣§§ §§§§§
.§§§♣§§§§§§ #..♣
.#♣♣♣..♣ #.# # ..♣


You could see a 27-headed hydra skeleton.

Vanquished Creatures
  Vashnia (Snake:4)
  Nikola (Snake:2)
  A deep elf blademaster (Elf:3)
  A deep elf master archer (Elf:3)
  A thorn hunter (Swamp:1)
  2 fenstrider witches
  7 nagarajas
  5 deep elf sorcerers
  Aizul (Swamp:1)
  6 deep elf elementalists (Elf:3)
  The ghost of TimeIsEndless the Covert, a journeyman KoGl of Wu Jian (Elf:1)
  9 deep elf annihilators
  3 deep elf demonologists (Elf:3)
  2 vampire knights (Swamp:4)
  A red draconian (Volcano)
  A lorocyproca (Elf:1)
  2 bunyips (Swamp:2)
  7 eleionomae
  5 deep elf death magi
  Snorg (Orc:2)
  The ghost of Simpacva the Unseen, a journeyman SpEn of Dithmenos (D:13)
  A deep elf high priest (Elf:3)
  A shambling mangrove (Swamp:4)
  A vault guard (D:14)
  2 boulder beetles
  15 hydras
  4 salamander tyrants (Snake:4)
  Erolcha (D:11)
  11 naga warriors
  3 ghost crabs
  6 centaur warriors
  A catoblepas (Lair:5)
  11 anacondas
  5 two-headed ogres
  2 demonspawn (Orc:2)
  An alligator (shapeshifter) (D:15)
  15 dancing weapons
  6 alligators
  2 death yaks (Lair:4)
  8 orc high priests
  7 shock serpents
  Sonja (Lair:3)
  7 naga sharpshooters
  11 spriggans
  9 deep elf knights
  9 salamander mystics
  5 goliath frogs
  5 spriggan druids
  A flayed ghost (Swamp:4)
  3 bog bodies
  13 deep elf archers
  2 phantasmal warriors (Swamp:4)
  10 naga ritualists
  4 orc knights (Orc:2)
  A wizard (D:15)
  5 spectral hydras (Swamp:4)
  9 swamp dragons
  17 deep elf zephyrmancers
  2 harpies (D:13)
  15 mana vipers
  5 orc sorcerers (Orc:2)
  22 deep elf pyromancers
  4 ugly things
  2 manticores
  Maurice (D:9)
  19 salamanders
  2 will-o-the-wisps
  20 elephants
  2 cyclopes
  4 moths of wrath
  43 black mambas
  2 torpor snails
  6 guardian serpents
  2 orange demons (Orc:2)
  23 naga magi
  21 cane toads
  A gargoyle (D:12)
  Maggie (D:8)
  A kobold demonologist (D:12)
  3 rime drakes
  A freezing wraith (D:14)
  An efreet (D:14)
  9 komodo dragons
  2 hydra zombies (Swamp:4)
  A death drake zombie (Swamp:4)
  15 tyrant leeches
  A bloated husk (Swamp:3)
  3 meliai (D:14)
  A troll (D:12)
  A merfolk (D:15)
  9 hornets
  10 polar bears
  12 slime creatures
  32 blink frogs
  A wolf spider simulacrum (D:14)
  2 death drake skeletons (Swamp:4)
  6 air elementals
  5 dream sheep (Lair:4)
  A shadow (D:13)
  4 fire elementals
  5 water elementals
  Sigmund (D:5)
  2 wraiths
  9 wyverns
  10 humans (D:14)
  51 yaks
  12 basilisks
  14 vampire mosquitoes
  18 swamp worms
  A warg (Orc:1)
  A hydra simulacrum (Swamp:4)
  47 nagas
  22 water moccasins
  4 acid dragons
  Duvessa (D:5)
  2 ice beasts
  9 swamp drakes
  28 orc warriors
  7 black bears
  4 ogres
  A swamp dragon zombie (Swamp:4)
  6 necrophages
  13 wolves
  15 centaurs
  A phantom (D:6)
  A swamp dragon skeleton (Swamp:4)
  A kobold brigand (D:11)
  A gnoll sergeant (D:8)
  19 bullfrogs
  3 scorpions
  A wyvern zombie (D:7)
  4 earth elementals
  Dowan (D:5)
  A water moccasin zombie (D:5)
  A water moccasin skeleton (D:4)
  3 killer bees (D:10)
  14 wights
  2 electric eels
  8 howler monkeys
  5 centaur zombies
  4 hounds
  2 jellies
  29 orc priests
  A centaur skeleton (D:7)
  Crazy Yiuf (D:3)
  2 bullfrog skeletons
  Terence (D:3)
  3 iguanas
  16 orc wizards
  A hell rat (D:7)
  A killer bee zombie (D:8)
  A mummy (D:10)
  4 gnolls (D:8)
  9 adders
  7 river rats (D:7)
  A shadow imp (D:7)
  2 white imps (D:6)
  2 ufetubi
  2 adder skeletons (D:4)
  3 worms
  A dart slug (D:1)
  70 orcs
  3 ball pythons
  9 endoplasms
  2 giant cockroaches (D:2)
  4 goblins
  7 hobgoblins
  4 jackals (D:5)
  10 quokkas
  9 bats
  6 frilled lizards
  12 kobolds
  26 rats
  26 briar patches (Swamp:1)
1222 creatures vanquished.

Vanquished Creatures (collateral kills)
  2 ugly things (D:14)
2 creatures vanquished.

Vanquished Creatures (others)
  A vault guard (D:14)
  An ugly thing (D:14)
  2 cane toads (Lair:6)
  A bullfrog (Lair:6)
  A kobold (D:11)
  A briar patch (Swamp:1)
  2 foxfires (Swamp:3)
  96 fungi
  125 plants
  3 toadstools (D:5)
233 creatures vanquished.

Grand Total: 1457 creatures vanquished

Notes
Turn   | Place    | Note
-------+----------+-------------------------------------------
     0 | D:1      | Johnny the Draconian Ice Elementalist began the quest for
                  | the Orb.
     0 | D:1      | Reached XP level 1. HP: 14/14 MP: 3/3
    11 | D:1      | Found a faded altar of an unknown god.
   214 | D:1      | Reached skill level 1 in Fighting
   214 | D:1      | Reached XP level 2. HP: 20/23 MP: 0/5
   756 | D:1      | Reached XP level 3. HP: 26/28 MP: 6/6
  1612 | D:2      | Reached XP level 4. HP: 36/36 MP: 8/8
  2222 | D:3      | Noticed Terence
  2248 | D:2      | Learned a level 3 spell: Frozen Ramparts
  2252 | D:2      | Learned a level 3 spell: Ozocubu's Armour
  2255 | D:2      | Learned a level 2 spell: Blink
  2366 | D:3      | Killed Terence
  2367 | D:3      | Reached XP level 5. HP: 35/44 MP: 1/9
  2465 | D:3      | Reached skill level 5 in Ice Magic
  2873 | D:3      | Found a runed translucent door.
  2874 | D:3      | Noticed Crazy Yiuf
  3014 | D:3      | Killed Crazy Yiuf
  3322 | D:4      | Reached XP level 6. HP: 48/51 MP: 11/11
  4120 | D:4      | Your scales start taking on an icy white colour.
  4120 | D:4      | Reached skill level 7 in Ice Magic
  4120 | D:4      | Reached XP level 7. HP: 40/60 MP: 6/13
  4120 | D:4      | Gained mutation: Your flesh is cold resistant. (rC+) [White
                  | Draconian growth]
  4749 | D:4      | Reached skill level 1 in Shields
  5273 | D:5      | Entered Level 5 of the Dungeon
  5294 | D:5      | Noticed Duvessa
  5295 | D:5      | Noticed Dowan
  5302 | D:5      | Killed Duvessa
  5313 | D:5      | Killed Dowan
  5314 | D:5      | Reached skill level 5 in Fighting
  5957 | D:5      | Reached skill level 5 in Spellcasting
  5957 | D:5      | Reached XP level 8. HP: 47/69 MP: 12/15
  6150 | D:5      | Reached skill level 8 in Ice Magic
  6339 | D:5      | Noticed Sigmund
  6353 | D:5      | Killed Sigmund
  6360 | D:5      | Learned a level 4 spell: Hailstorm
  7201 | D:6      | Found a staircase to the Ecumenical Temple.
  7237 | Temple   | Entered the Ecumenical Temple
  7372 | Temple   | Became a worshipper of Sif Muna the Loreminder
  7737 | D:6      | Reached skill level 9 in Ice Magic
  7737 | D:6      | Reached XP level 9. HP: 62/78 MP: 11/18
  8226 | D:6      | Got the Incunabulum of the Gliding Mountains
  9471 | D:7      | Reached * piety under Sif Muna
  9477 | D:7      | Reached skill level 5 in Shields
  9561 | D:7      | Reached skill level 1 in Invocations
  9892 | D:7      | Found a faded altar of an unknown god.
  9892 | D:7      | Found a hazy altar of Hepliaklqana.
  9894 | D:7      | Found a faded altar of an unknown god.
 10244 | D:8      | Reached skill level 10 in Ice Magic
 10245 | D:8      | Reached ** piety under Sif Muna
 10416 | D:8      | Reached XP level 10. HP: 74/86 MP: 4/20
 10618 | D:8      | Noticed Maggie
 10635 | D:8      | Killed Maggie
 11332 | D:9      | Found Iiyzag's Incredible Inventory.
 11361 | D:9      | Bought a scroll of identify for 26 gold pieces
 11496 | D:9      | Noticed a boulder beetle
 11515 | D:9      | Killed a boulder beetle
 11633 | D:9      | Noticed Maurice
 11640 | D:9      | Killed Maurice
 12266 | D:10     | Entered Level 10 of the Dungeon
 12266 | D:10     | Found Wotuy's Weapon Emporium.
 12355 | D:10     | Reached *** piety under Sif Muna
 12380 | D:10     | Reached skill level 11 in Ice Magic
 12380 | D:10     | Reached skill level 5 in Invocations
 12691 | D:10     | Reached XP level 11. HP: 91/97 MP: 23/23
 12794 | D:10     | Found a runed translucent gate.
 12795 | D:10     | Found a runed translucent gate.
 12796 | D:10     | Found a runed translucent gate.
 12796 | D:10     | Found an opulent altar of Gozag.
 12896 | D:10     | Found a staircase to the Orcish Mines.
 13202 | D:10     | Found a staircase to the Lair.
 13520 | D:10     | Noticed Heedrag's ghost (journeyman DsIE)
 13559 | D:11     | Noticed Erolcha
 13798 | Lair:1   | Entered Level 1 of the Lair of Beasts
 14109 | Lair:1   | Noticed a seven-headed hydra
 14123 | Lair:1   | Killed a seven-headed hydra
 16037 | Lair:2   | Reached skill level 10 in Fighting
 16045 | Lair:2   | Reached **** piety under Sif Muna
 16050 | Lair:2   | Reached skill level 12 in Ice Magic
 16275 | Lair:2   | Found a staircase to the Swamp.
 16763 | Lair:2   | Reached XP level 12. HP: 103/107 MP: 11/25
 17728 | Lair:3   | You fall into a shaft and drop 3 floors!
 17728 | Lair:6   | Entered Level 6 of the Lair of Beasts
 17901 | Lair:6   | Noticed a five-headed hydra
 18173 | Lair:5   | Reached skill level 13 in Ice Magic
 18412 | Lair:5   | Noticed a four-headed hydra
 18440 | Lair:5   | Killed a four-headed hydra
 18628 | Lair:5   | Reached skill level 10 in Spellcasting
 18855 | Lair:5   | Found a runed translucent gate.
 18856 | Lair:5   | Found a runed translucent gate.
 18956 | Lair:5   | Reached XP level 13. HP: 102/116 MP: 8/27
 18973 | Lair:5   | Reached skill level 10 in Shields
 18973 | Lair:5   | Reached ***** piety under Sif Muna
 19188 | Lair:5   | Received a gift from Sif Muna
 19193 | Lair:5   | Got Sif Muna's Disquisition on the Sinister Traveller {god
                  | gift}
 19196 | Lair:5   | Upgraded the game from 0.28-a0-649-g2b6bb2fd11 to
                  | 0.28-a0-653-g7e9dba17c3
 19385 | Lair:5   | Found a runed translucent gate.
 19389 | Lair:5   | Noticed Ycoiwk's ghost (journeyman OpVM)
 19856 | Lair:4   | Reached skill level 14 in Ice Magic
 19921 | Lair:4   | Found a dark tunnel.
 19929 | Volcano  | Entered a volcano
 20385 | Volcano  | Noticed a red draconian
 20396 | Volcano  | Killed a red draconian
 20820 | Lair:4   | Found a staircase to the Snake Pit.
 21727 | Lair:4   | Reached XP level 14. HP: 120/127 MP: 17/29
 22601 | Lair:3   | Noticed Sonja
 22609 | Lair:3   | Killed Sonja
 23010 | Lair:6   | Reached skill level 15 in Ice Magic
 23719 | Lair:6   | Got the Volume of the Unstable Snowflakes
 23826 | Lair:6   | Reached XP level 15. HP: 137/137 MP: 24/30
 24223 | Lair:6   | Received a gift from Sif Muna
 24228 | Lair:6   | Got Sif Muna's Incunabulum of Weightlessness {god gift}
 24382 | Lair:6   | Found a staircase to the Slime Pits.
 24858 | D:11     | Killed Erolcha
 25552 | D:12     | Reached skill level 16 in Ice Magic
 26985 | D:13     | Noticed Simpacva's ghost (journeyman SpEn)
 26986 | D:13     | Found a transporter.
 27365 | D:13     | Found a transporter.
 27566 | D:13     | Learned a level 5 spell: Metabolic Englaciation
 27999 | D:14     | Found a huge runed translucent gate.
 28001 | D:14     | Found a huge runed translucent gate.
 28002 | D:14     | Found a huge runed translucent gate.
 28093 | D:14     | Found a runed translucent gate.
 28094 | D:14     | Found a runed translucent gate.
 28094 | D:14     | Found a runed translucent gate.
 28095 | D:14     | Noticed martbhell's ghost (journeyman MiBe)
 28121 | D:14     | Found an iron altar of Okawaru.
 28166 | D:14     | Found a huge runed translucent gate.
 28255 | D:14     | Received a gift from Sif Muna
 28257 | D:14     | Got Sif Muna's Almanac of the Creative Frostbite {god gift}
 28452 | D:13     | Learned a level 7 spell: Ozocubu's Refrigeration
 28609 | D:14     | Found a gate to the Vaults.
 28762 | D:14     | Reached XP level 16. HP: 147/147 MP: 7/32
 28880 | D:15     | Entered Level 15 of the Dungeon
 29202 | D:15     | Reached skill level 15 in Fighting
 29323 | D:15     | Found a staircase to the Depths.
 29447 | Orc:1    | Entered Level 1 of the Orcish Mines
 30174 | Orc:2    | Entered Level 2 of the Orcish Mines
 30207 | Orc:2    | Noticed Snorg
 30211 | Orc:2    | Reached skill level 17 in Ice Magic
 30211 | Orc:2    | Killed Snorg
 30365 | Orc:2    | Found a staircase to the Elven Halls.
 30746 | Orc:2    | Found Gedeniadgh's Distillery.
 30750 | Orc:2    | Found Murpheg's Distillery.
 31130 | Orc:2    | Paralysed by an orc sorcerer for 6 turns
 31136 | Orc:2    | Received a gift from Sif Muna
 31139 | Orc:2    | Got Sif Muna's Collected Works on Congealing Air {god gift}
 31366 | Orc:2    | Found Kuyc's Book Shoppe.
 31366 | Orc:2    | Found Kul Cee's Antique Weapon Emporium.
 31367 | Orc:2    | Found a one-way gate leading to the halls of Pandemonium.
 31578 | Orc:2    | Bought a potion of curing for 39 gold pieces
 31578 | Orc:2    | Bought a potion of cancellation for 104 gold pieces
 31578 | Orc:2    | Bought a potion of curing for 39 gold pieces
 31578 | Orc:2    | Bought a potion of heal wounds for 65 gold pieces
 31578 | Orc:2    | Bought a potion of resistance for 130 gold pieces
 31578 | Orc:2    | Bought a potion of curing for 39 gold pieces
 31580 | Orc:2    | Bought a potion of curing for 42 gold pieces
 31580 | Orc:2    | Bought a potion of haste for 140 gold pieces
 31580 | Orc:2    | Bought 3 potions of curing for 126 gold pieces
 31580 | Orc:2    | Bought a potion of haste for 140 gold pieces
 31580 | Orc:2    | Bought a potion of magic for 112 gold pieces
 31580 | Orc:2    | Bought a potion of curing for 42 gold pieces
 31580 | Orc:2    | Bought a potion of heal wounds for 70 gold pieces
 31580 | Orc:2    | Bought a potion of haste for 140 gold pieces
 31582 | Orc:2    | Bought a potion of brilliance for 56 gold pieces
 31703 | D:12     | Identified the +8 long sword of the Doomed Warrior {freeze,
                  | rElec MP+9}
 31778 | D:13     | Killed Simpacva's ghost
 31800 | D:13     | Identified the ring "Uhe Gean" {MP+9 SInv}
 31964 | Elf:1    | Entered Level 1 of the Elven Halls
 32067 | Elf:1    | Found a radiant altar of Vehumet.
 32433 | Elf:1    | Found a runed translucent gate.
 32433 | Elf:1    | Found a runed translucent gate.
 32433 | Elf:1    | Found a runed translucent gate.
 32434 | Elf:1    | Paralysed by an air elemental for 1 turns
 32581 | Elf:1    | Noticed TimeIsEndless's ghost (journeyman KoGl)
 32916 | Elf:1    | Reached skill level 18 in Ice Magic
 32917 | Elf:1    | Killed TimeIsEndless's ghost
 32920 | Elf:1    | Gained mutation: You tend to lose your temper in combat.
                  | [mutagenic glow]
 32950 | Elf:1    | Gained mutation: You often lose your temper in combat.
                  | [mutagenic glow]
 32958 | Elf:1    | Identified the +2 pair of gloves of Cusoliel {rC+}
 33442 | Elf:1    | Reached XP level 17. HP: 158/158 MP: 14/34
 33714 | Elf:1    | Got Lehudib's Reference Book on Battle Magic
 34789 | Elf:2    | Found a runed translucent gate.
 34789 | Elf:2    | Found a runed translucent gate.
 34789 | Elf:2    | Found a runed translucent gate.
 35396 | Elf:3    | Entered Level 3 of the Elven Halls
 36177 | Elf:3    | Identified the amulet "Fumun" {Regen+ Str+3 Int+2}
 36318 | Elf:3    | Paralysed by an air elemental for 1 turns
 37101 | Elf:3    | Noticed a deep elf blademaster
 37105 | Elf:3    | Killed a deep elf blademaster
 37108 | Elf:3    | Reached skill level 15 in Shields
 37339 | Elf:3    | Reached skill level 19 in Ice Magic
 37416 | Elf:3    | Noticed a deep elf master archer
 37419 | Elf:3    | Killed a deep elf master archer
 37809 | Elf:3    | Identified the +2 flail of Giomal {freeze, Drain Fly rPois
                  | rCorr}
 37811 | Elf:3    | Identified the +3 leather armour "Zepsouclay" {rPois rF++
                  | Dex-3}
 37975 | Elf:3    | Found the +7 Kryia's mail coat {PotionHeal*2 rC+}
 37978 | Elf:3    | Identified the +6 chain mail of Wobbeare {Rampage SInv}
 37994 | Elf:3    | Identified the +1 ring mail of Resilience {*Corrode rC+
                  | rN++ Regen+}
 38023 | Elf:3    | Identified the +8 arbalest "Ycseatod" {speed, rElec}
 38086 | Elf:3    | Identified the +0 cloak of Depression {Dex+4}
 38366 | Snake:1  | Entered Level 1 of the Snake Pit
 38893 | Snake:1  | Received a gift from Sif Muna
 38894 | Snake:1  | Got Deirch's Disquisition on Unholy Secrets and Execration
                  | {god gift}
 38911 | Snake:1  | Reached skill level 15 in Spellcasting
 38911 | Snake:1  | Reached XP level 18. HP: 157/170 MP: 11/37
 39035 | Snake:1  | Learned a level 9 spell: Polar Vortex
 39853 | Snake:2  | Noticed Nikola
 39861 | Snake:2  | Killed Nikola
 40824 | Snake:2  | Identified a scroll of acquirement
 40825 | Snake:2  | Acquired 811 gold pieces
 40895 | Snake:3  | Got the Disquisition on the Blaze and the Birds
 41154 | Snake:3  | Reached skill level 20 in Ice Magic
 42096 | Snake:4  | Entered Level 4 of the Snake Pit
 42534 | Snake:4  | Found Osuhis's Distillery.
 42571 | Snake:4  | Bought a potion of heal wounds for 85 gold pieces
 42571 | Snake:4  | Bought a potion of lignification for 51 gold pieces
 42571 | Snake:4  | Bought a potion of curing for 51 gold pieces
 42571 | Snake:4  | Bought a potion of curing for 51 gold pieces
 42571 | Snake:4  | Bought a potion of heal wounds for 85 gold pieces
 42571 | Snake:4  | Bought a potion of might for 68 gold pieces
 42571 | Snake:4  | Bought a potion of brilliance for 68 gold pieces
 42571 | Snake:4  | Bought a potion of mutation for 136 gold pieces
 42571 | Snake:4  | Bought a potion of haste for 170 gold pieces
 42571 | Snake:4  | Bought a potion of mutation for 136 gold pieces
 43331 | Snake:4  | Noticed Vashnia
 43338 | Snake:4  | Killed Vashnia
 43347 | Snake:4  | Reached XP level 19. HP: 66/181 MP: 14/39
 43452 | Snake:4  | Got a serpentine rune of Zot
 44347 | Swamp:1  | Entered Level 1 of the Swamp
 44569 | Swamp:1  | Noticed Aizul
 44572 | Swamp:1  | Killed Aizul
 44918 | Swamp:1  | Identified Roxanne's Incunabulum of Earth
 44918 | Swamp:1  | Noticed Roxanne
 45834 | Swamp:2  | Reached skill level 21 in Ice Magic
 46688 | Swamp:3  | Identified the +3 scale mail of the Tuna {rPois MP+9 Str+4
                  | Stlth+}
 46734 | Swamp:3  | Received a gift from Sif Muna
 46736 | Swamp:3  | Got Jupas's Tome of Frigorific Attacks {god gift}
 47088 | Swamp:3  | Found a blossoming altar of Fedhas.
 47492 | Swamp:4  | Entered Level 4 of the Swamp
 49023 | Swamp:4  | Received a gift from Sif Muna
 49024 | Swamp:4  | Got Emmogautt's Almanac of the Excruciating Frostbite {god
                  | gift}
 49037 | Swamp:4  | HP: 8/180 [27-headed hydra skeleton (8)]
 49037 | Swamp:4  | HP: 1/180 [27-headed hydra skeleton (3)]
 49037 | Swamp:4  | Slain by a 27-headed hydra skeleton

Illustrated notes

Levels and vault maps discovered:
D:1:      lightli_arrival_boilingwater, layout_rooms,
          chequers_ecumenical_altar_simple, kennysheep_small_spiral
D:2:      layout_loops_cross
D:3:      layout_basic, serial_bayou, serial_bayou_pond_e, serial_bayou_ford_a,
          serial_bayou_pond_c, serial_bayou_pond_e, uniq_terence,
          uniq_crazy_yiuf_cottage
D:4:      layout_basic, grunt_tough_drop
D:5:      layout_loops_ring, serial_aquarium, aquarium_bridge_island_small
          [aquarium_subvault_small_open, aquarium_subvault_bridge,
          aquarium_subvault_window, aquarium_subvault_bridge,
          aquarium_subvault_wall], aquarium_bridge_square
          [aquarium_subvault_bridge, aquarium_subvault_wall,
          aquarium_subvault_window, aquarium_subvault_window],
          aquarium_window_fake, aquarium_window_1, aquarium_window_fake,
          aquarium_view_4, aquarium_balcony_3b, corexii_corridor_pit,
          minmay_gold_behind_fungi, uniq_duvessa, uniq_sigmund
D:6:      layout_basic, minmay_temple_entry_antechambers
D:7:      lemuel_ratsnest, layout_rooms,
          nicolae_hepliaklqana_ecumenical_no_more,
          chequers_serial_rivers_micro_c
D:8:      layout_cave_pods, uniq_maggie
D:9:      layout_loops_ring, nicolae_alphabet_shops, uniq_maurice
D:10:     layout_cross, minmay_lair_entry_grove, ebering_ghost_gozag,
          serial_undead, serial_undead_d, serial_undead_c, serial_undead_a,
          serial_undead_e, serial_shops, nicolae_shop_stone
D:11:     layout_cave_pools, uniq_erolcha
D:12:     minmay_recursive_quarters, layout_irregular_city
D:13:     layout_rooms, gammafunk_ghost_berserking_beasts
D:14:     lemuel_bear_cage, layout_rooms, ximxim_vaults_locker_room,
          gammafunk_ghost_fury_of_okawaru
D:15:     hangedman_depths_entry_try_elsewhere_first, layout_long_grid,
          minmay_misc_feat_enclosed, ashenzari_altar_1
Temple:   kilobyte_greek_temple
Lair:1:   layout_roguey
Lair:2:   layout_small_grid, minmay_swamp_entry_swarm
Lair:3:   layout_misc_corridors, grunt_megastairs_4, uniq_sonja
Lair:4:   layout_small_grid, dummy_snake_entry,
          lightli_volcano_entry_magma_tube, serial_rivers,
          chequers_serial_rivers_micro_a, chequers_serial_rivers_small_b,
          chequers_serial_rivers_small_b, chequers_serial_rivers_small_3,
          beast_lair_carwin_6
Lair:5:   layout_long_grid, gammafunk_ghost_hydra_chop, lemuel_fruit_tree,
          grunt_megastairs_5
Lair:6:   minmay_lair_end_frog_pond, layout_gridlike, dpeg_slime_entry_corner,
          minivault_19, kennysheep_basilisk_garden, infiniplex_staircase_pool
Swamp:1:  layout_basic_swamp, hangedman_swamp_blocks, uniq_aizul, uniq_roxanne
Swamp:2:  layout_basic_swamp, evilmike_swamp_ruin_house_3,
          cheibrodos_swamp_witchery
Swamp:3:  layout_basic_swamp, basic_altar
Swamp:4:  byrel_swamp_growth_death_and_undeath, layout_basic_swamp, swamp_pool3,
          worms_lemuel
Snake:1:  layout_grid_shapes, nicolae_snake_boneroom
Snake:2:  hangedman_cross_stitches, layout_onion_interference, uniq_nikola
Snake:3:  layout_cave_town
Snake:4:  johnstein_snake_rune_scales, layout_cave_shapes, serial_shops,
          nicolae_diamond_shop, grunt_megastairs_1
Orc:1:    layout_caves, basic_altar
Orc:2:    pf_orc_diabolical, layout_caves, uniq_snorg
Elf:1:    eino_elf_arrival_altar, layout_geoelf_octagon,
          gammafunk_ghost_tricky_traps, minmay_elf_annihilation
Elf:2:    elven_hall_of_blades_hangedman_original
          [nicolae_blade_entry_hurt_lockers], layout_gridlike
Elf:3:    minmay_elf_hall_dome, layout_geoelf_castle

Skill      XL: |  1  2  3  4  5  6  7  8  9 10 11 12 13 14 15 16 17 18 19 |
---------------+----------------------------------------------------------+-----
Fighting       | 1 2 3 4 5 6 8 9 10 11 12 13 14 16 17 18 19 | 19.4
Spellcasting   | 3 4 5 6 7 8 9 10 11 12 13 15 16 | 16.7
Ice Magic      | 5 7 9 10 11 12 13 14 15 16 18 19 20 21 | 21.5
Shields        | 2 4 5 7 8 9 11 12 13 14 15 16 17 | 17.5
Invocations    | 3 5 7 9 |  9.0
Dodging        | |  1.7
Stealth        | |  1.7

Action                   |  1- 3 |  4- 6 |  7- 9 | 10-12 | 13-15 | 16-18 | 19-21 || total
-------------------------+-------+-------+-------+-------+-------+-------+-------++-------
Melee: Unarmed           |    29 |    23 |       |       |       |       |       ||    52
       Tailslap          |     8 |    11 |    23 |    41 |    39 |     8 |     5 ||   135
       Dagger            |    48 |    52 |       |       |       |       |       ||   100
       Quarterstaff      |       |    31 |   256 |   292 |   227 |       |       ||   806
       Staff             |       |       |       |       |     5 |    59 |    29 ||    93
 Cast: Freeze            |    31 |    36 |    19 |    86 |   204 |     3 |       ||   379
       Frozen Ramparts   |       |     6 |    16 |    63 |    75 |     1 |       ||   161
       Ozocubu's Armour  |       |     1 |    13 |    32 |    53 |     2 |       ||   101
       Hailstorm         |       |       |    14 |    52 |    99 |    45 |     5 ||   215
       Blink             |       |       |       |     8 |    13 |    11 |     1 ||    33
       Ozocubu's Refrige |       |       |       |       |     8 |   340 |   151 ||   499
       Metabolic Englaci |       |       |       |       |     1 |       |       ||     1
       Polar Vortex      |       |       |       |       |       |       |    12 ||    12
Invok: Channel Magic     |       |       |       |     1 |     5 |    18 |       ||    24
 Abil: Breathe Frost     |       |       |     1 |     4 |     5 |     1 |     1 ||    12
Evoke: Wand              |       |       |    17 |    39 |    36 |       |       ||    92
       Phial of floods   |       |       |       |     1 |       |       |     1 ||     2
       Lightning rod     |       |       |       |       |     6 |    12 |     4 ||    22
       Tin of tremorston |       |       |       |       |       |     1 |       ||     1
  Use: Potion            |       |     4 |       |     1 |     1 |       |       ||     6
       Scroll            |       |       |       |    17 |    12 |     5 |     5 ||    39
 Stab: Sleeping          |     4 |     2 |     2 |     1 |       |       |       ||     9
       Paralysed         |       |       |     3 |    22 |     2 |       |       ||    27
       Distracted        |       |       |       |       |     2 |       |       ||     2
Armor: Skin              |    28 |    70 |   100 |   321 |   363 |    70 |    77 ||  1029
Dodge: Dodged            |    67 |    90 |   168 |   297 |   465 |    83 |    48 ||  1218
       Repelled          |       |     1 |     2 |     1 |       |       |       ||     4
Block: Kite shield       |       |       |       |       |     7 |   147 |   104 ||   258

Table legend: (Time is in decaauts)
 A = Elapsed time spent in this place.
 B = Non-inter-level travel time spent in this place.
 C = Inter-level travel time spent in this place.
 D = Time resting spent in this place.
 E = Time spent auto-exploring this place.
 F = Levels seen in this place.
 G = Mean time per level.
                   A        B        C        D        E       F      G
               +--------+--------+--------+--------+--------+-----+--------+
         Total |  49307 |  46801 |   2506 |  12661 |  26697 |  36 | 1369.6 |
       Dungeon |  18757 |  17734 |   1023 |   3440 |  11558 |  15 | 1250.5 |
        Temple |    173 |    133 |     40 |      0 |    127 |   1 |  173.0 |
          Lair |  10656 |  10139 |    517 |   3484 |   4695 |   6 | 1776.0 |
         Swamp |   4908 |   4865 |     43 |   1306 |   2838 |   4 | 1227.0 |
     Snake Pit |   5513 |   5236 |    277 |   1031 |   3472 |   4 | 1378.2 |
  Orcish Mines |   2299 |   2095 |    204 |    702 |   1067 |   2 | 1149.5 |
   Elven Halls |   6459 |   6059 |    400 |   2387 |   2844 |   3 | 2153.0 |
       Volcano |    539 |    539 |      0 |    311 |     96 |   1 |  539.0 |
               +--------+--------+--------+--------+--------+-----+--------+

Top non-repeatable levels by time:
   Elf:3: 2442 daAuts
  Lair:4: 2375 daAuts
  Lair:1: 2347 daAuts
   Elf:1: 2324 daAuts
  Lair:5: 1987 daAuts
     D:4: 1965 daAuts
  Lair:6: 1796 daAuts
    D:10: 1777 daAuts
 Snake:1: 1722 daAuts
 Swamp:3: 1700 daAuts
   Elf:2: 1692 daAuts
 Snake:4: 1677 daAuts
     D:6: 1644 daAuts
    D:12: 1604 daAuts
     D:5: 1570 daAuts
